 Dungeon Crawl Stone Soup version 0.16-a0-3943-gb4b81e6 (webtiles) character file.

317 timbw the Insei (level 6, -1/46 HPs)
             Began as a Human Transmuter on Feb 8, 2015.
             Slain by an orc warrior
             ... wielding a +1 scimitar of electrocution
              (15 damage)
             ... on level 5 of the Dungeon.
             The game lasted 00:08:59 (3339 turns).

timbw the Insei (Human Transmuter)                  Turns: 3339, Time: 00:08:59

Health: -1/46      AC:  2    Str: 11    XL:     6   Next: 73%
Magic:  7/10       EV: 20    Int: 13    God:
Gold:   105        SH:  0    Dex: 20    Spells: 3 memorised, 0 levels left

rFire  . . .     SeeInvis .       - Unarmed
rCold  . . .     Clarity  .     c - melded +0 robe
rNeg   . . .     SustAb   .     (shield currently unavailable)
rPois  x         Gourm    .     (helmet currently unavailable)
rElec  .         Spirit   .     p - melded +0 cloak
rCorr  .         Warding  .     (gloves currently unavailable)
rMut   .         Stasis   .     (boots currently unavailable)
MR     .....                    (no amulet)
Stlth  ++........               (no ring)
                                (no ring)

@: spider-form, not resistant to hostile enchantments, unstealthy
A: no striking features
a: End Transformation


You were on level 5 of the Dungeon.
You were not hungry.
You were a venomous arachnid creature.
You visited 1 branch of the dungeon, and saw 5 of its levels.

You collected 105 gold pieces.

Inventory:

Missiles
 a - 3 silver javelins
 b - 12 arrows
 n - 3 tomahawks (quivered)
Armour
 c - a +0 robe (melded)
 k - a +0 leather armour
 p - a +0 cloak (melded)
Scrolls
 g - 3 scrolls of magic mapping {unknown}
 i - 2 scrolls of remove curse {unknown}
 l - 2 scrolls of teleportation {unknown}
 m - a scroll of random uselessness {unknown}
Potions
 j - 2 potions of curing
Books
 d - a book of Changes

   Spells                             Type                      Level
   a - Beastly Appendage              Transmutation                1
   b - Sticks to Snakes               Transmutation                2
   c - Spider Form                    Transmutation/Poison         3
   d - Ice Form                       Ice/Transmutation            4
   e - Blade Hands                    Transmutation                5
Comestibles
 f - a chunk of flesh
 o - a meat ration


   Skills:
 + Level 2.4 Fighting
 + Level 2.0 Armour
 - Level 2.0 Dodging
 * Level 4.5 Unarmed Combat
 - Level 2.0 Spellcasting
 + Level 4.4 Transmutations


You couldn't memorise any spells.
You knew the following spells:

 Your Spells              Type           Power        Failure   Level  Hunger
a - Beastly Appendage     Trmt           ##....       17%         1    ##.....
b - Spider Form           Trmt/Pois      #.........   56%         3    ####...
c - Blade Hands           Trmt           ##........   99%         5    ######.


Dungeon Overview and Level Annotations

Branches:
Dungeon (5/15)
 Temple: D:4-7

Altars:
Ashenzari
Elyvilon
Fedhas
Qazlal
Xom

Shops:
D:5 *

Annotations:
D:3 timbw's ghost, average TeTm
D:4 Grinder


Message History

2 orcs, an orc warrior and an orc wizard come into view.
There is an open door here.
The orc shouts!
The orc hits you with a flail!
There is an open door here.
Casting: Spider Form
Confirm with . or Enter, or press ? or * to list all spells.
You turn into a venomous arachnid creature.
Your +0 cloak melds into your body.
Your +0 robe melds into your body.
The orc closely misses you.
You hit the orc.
The orc is poisoned.
The orc is heavily wounded.
The orc completely misses you.
You kill the orc!
Your Armour skill increases to level 2!
You hit the orc warrior but do no damage.
The orc warrior hits you with a scimitar of electrocution!
You barely miss the orc warrior.
The orc warrior hits you with a scimitar of electrocution!
You die...

#.# .. #.# .# #.# .#
. #.# .###..# #.#
.o... #.# ###.#.##.#
#.# #..)...oo# #.#
###o####### #.#
#≈≈s≈≈# #.#
###≈≈.≈≈#
#.##########.'.._..+
#............#≈≈.≈≈#
##############≈≈.≈≈#
###+###


You could see an orc warrior and an orc wizard.

Vanquished Creatures
  An ogre (D:4)
  An iguana (D:5)
  An orc priest (D:3)
  2 worker ants
  4 adders
  2 worms (D:2)
  3 giant geckos
  An ooze (D:1)
  5 orcs
  3 giant cockroaches
  13 goblins
  8 hobgoblins
  6 jackals
  7 bats
  5 giant newts (D:2)
  4 kobolds
  8 rats
74 creatures vanquished.

Notes
Turn   | Place    | Note
--------------------------------------------------------------
     0 | D:1      | timbw, the Human Transmuter, began the quest for the Orb.
     0 | D:1      | Reached XP level 1. HP: 15/15 MP: 3/3
   110 | D:1      | Reached XP level 2. HP: 12/21 MP: 2/4
   659 | D:1      | Reached XP level 3. HP: 17/26 MP: 4/6
   668 | D:1      | Learned a level 3 spell: Spider Form
  1180 | D:2      | Reached XP level 4. HP: 25/32 MP: 3/7
  1199 | D:2      | Found a white marble altar of Elyvilon.
  1885 | D:3      | Found a shattered altar of Ashenzari.
  1903 | D:3      | Noticed timbw's ghost (average TeTm)
  1999 | D:2      | Reached skill level 1 in Armour
  1999 | D:2      | Reached XP level 5. HP: 4/37 MP: 5/9
  2380 | D:3      | Noticed a phantom
  2384 | D:3      | Reached skill level 4 in Transmutations
  2588 | D:4      | Noticed an ogre
  2602 | D:4      | Killed an ogre
  2602 | D:4      | Reached XP level 6. HP: 10/44 MP: 3/10
  2882 | D:4      | Noticed Grinder
  2890 | D:4      | Paralysed by Grinder for 2 turns
  2928 | D:4      | Found a shimmering altar of Xom.
  2928 | D:4      | Found a blossoming altar of Fedhas.
  2935 | D:4      | Paralysed by Grinder for 2 turns
  2958 | D:4      | Paralysed by Grinder for 5 turns
  2974 | D:5      | Entered Level 5 of the Dungeon
  3198 | D:5      | Found Twoics' Assorted Antiques.
  3292 | D:5      | Learned a level 5 spell: Blade Hands
  3325 | D:5      | Found a stormy altar of Qazlal.
  3332 | D:5      | Noticed an orc warrior
  3339 | D:5      | Slain by an orc warrior

Action                   |  1- 3 |  4- 6 || total
-------------------------+-------+-------++-------
Melee: Unarmed           |   111 |   146 ||   257
 Cast: Beastly Appendage |    11 |       ||    11
       Spider Form       |     7 |    14 ||    21
 Abil: End Transformatio |       |     1 ||     1
  Use: Scroll            |     1 |       ||     1
       Potion            |       |     6 ||     6
  Eat: Chunk             |     2 |     4 ||     6
       Royal jelly       |       |     1 ||     1
       Bread ration      |       |     1 ||     1
